 Dungeon Crawl Stone Soup version 0.29-a0-819-g94b489e0ae (webtiles) character file.

Game seed: 17543299264665073515

1232 Orangeyouglad the Chiller (level 8, -8/57 (62) HPs)
             Began as a Barachi Ice Elementalist on July 6, 2022.
             Was a Believer of Cheibriados.
             Mangled by a wight
             ... wielding a +4 scimitar
              (16 damage)
             ... on level 6 of the Dungeon.
             The game lasted 00:32:23 (8180 turns).

Orangeyouglad the Chiller (BaIE)                    Turns: 8180, Time: 00:32:23

HP:   -8/57 (62)    AC:  5    Str: 16    XL:     8   Next: 48%
MP:   7/15          EV: 14    Int: 20    God:    Cheibriados [**....]
Gold: 399           SH:  0    Dex: 16    Spells: 3/17 levels left

rFire   . . .      SeeInvis .   c - +0 spear
rCold   + . .      Faith    .   (no shield)
rNeg    . . .      Spirit   .   y - +0 leather armour {rC+}
rPois   .          Reflect  .   (no helmet)
rElec   .          Harm     .   p - +0 cloak
rCorr   .          Rampage  .   (no gloves)
Will    .....                   u - +0 pair of boots
Stlth   ++........              (no amulet)
HPRegen 0.19/turn               (no ring)
MPRegen 0.14/turn               (no ring)

@: unable to hop, drained, very slow
A: amphibious, slowness 1, strong legs 1, +LOS
a: Hop, Renounce Religion, Bend Time


You were on level 6 of the Dungeon.
You worshipped Cheibriados.
Cheibriados was pleased with you.
You visited 2 branches of the dungeon, and saw 7 of its levels.
You also visited: Ossuary.

You collected 399 gold pieces.

Inventory:

Hand Weapons
 c - a +0 spear (weapon)
Missiles
 k - 5 poisoned darts
 r - 2 javelins
 z - 2 throwing nets
Armour
 a - a +0 robe
 p - a +0 cloak (worn)
 u - a +0 pair of boots (worn)
 y - a +0 leather armour of cold resistance (worn)
Wands
 m - a wand of charming (3)
Scrolls
 e - 5 scrolls of teleportation
 f - a scroll of poison
 g - 2 scrolls of blinking
 i - a scroll of enchant weapon
 n - 3 scrolls of fear
 w - a scroll of silence
Potions
 b - 2 potions of mutation {unknown}
 d - 3 potions of curing {unknown}
 h - a potion of attraction
 j - 3 potions of brilliance
 l - a potion of flight {unknown}
 o - 2 potions of might {unknown}
 q - a potion of lignification
 s - 2 potions of degeneration {unknown}
 t - 2 potions of berserk rage {unknown}
 v - a potion of heal wounds {unknown}
 x - a potion of invisibility {unknown}


   Skills:
 + Level 5.2 Fighting
 + Level 5.9 Dodging
 - Level 2.0 Stealth
 - Level 5.0 Spellcasting
 + Level 0.8 Conjurations
 + Level 2.0 Translocations
 + Level 7.7 Ice Magic


You had 3 spell levels left.
You knew the following spells:

 Your Spells              Type           Power      Damage    Failure   Level
a - Freeze                Ice            100%       1d11      1%          1
b - Frozen Ramparts       Ice            70%        1d9       1%          3
c - Ozocubu's Armour      Ice            35%        N/A       1%          3
d - Hailstorm             Conj/Ice       22%        3d7       24%         4
e - Gell's Gravitas       Tloc           13%        N/A       19%         3

Your spell library contained the following spells:

 Spells                   Type           Power      Damage    Failure   Level
 Lesser Beckoning         Tloc           13%        N/A       19%         3
 Teleport Other           Tloc           13%        N/A       19%         3


Dungeon Overview and Level Annotations

Branches:
Dungeon (6/15)             Temple (1/1) D:4         Ossuary (visited)

Altars:
Ashenzari
Cheibriados
Dithmenos
Elyvilon
Fedhas
Gozag
Hepliaklqana
Makhleb
Nemelex Xobeh
Okawaru
Qazlal
Ru
Sif Muna
Uskayaw
The Shining One

Shops:
D:6 =

Annotations:
D:3 Grinder


Innate Abilities, Weirdness & Mutations

You are amphibious.
You cover ground slowly.
You can hop short distances.
You have an extended range of vision and can be seen from far away.


Message History

Confirm with . or Enter, or press ? or * to list all spells.
A film of ice covers your body! The wight misses you.
You barely miss the wight.
The wight is lightly damaged.
The wight hits you with a +4 scimitar!
You hit the wight but do no damage.
The wight is lightly damaged.
The wight hits you with a +4 scimitar.
You feel drained.
Casting: Ozocubu's Armour (safe; 1% risk of failure)
Confirm with . or Enter, or press ? or * to list all spells.
Aiming: Gell's Gravitas (dangerous; 19% risk of failure)
Press: ? - help, Dir - move target
Okay, then.
Press: ? - help, v - describe, . - travel
Here: a wight, wielding a +4 scimitar and wearing a +0 robe (lightly damaged)
The floor.
Casting: Gell's Gravitas (dangerous; 19% risk of failure)
Confirm with . or Enter, or press ? or * to list all spells.
Aiming: Freeze (safe; 1% risk of failure)
Press: ? - help, Shift-Dir - straight line, f - wight
Aim: a wight, wielding a +4 scimitar and wearing a +0 robe (lightly damaged)
You freeze the wight but do no damage.
The wight completely resists.
The wight hits you with a +4 scimitar.
Your icy armour will break if you move.
Continue?
Your icy armour cracks and falls away as you move.
The wight closely misses you. The wight hits you with a +4 scimitar!
Your magical contamination has completely faded away.
The wight barely misses you. The wight attacks as you move away!
The wight hits you with a +4 scimitar!
* * * LOW HITPOINT WARNING * * *
The wight barely misses you. The wight attacks as you move away!
The wight barely misses you.
Hop to where?
Press: ? - help, Dir - move target, p - wight Boing!
The wight closely misses you. The wight misses you.
The wight attacks as you move away! The wight hits you with a +4 scimitar!
* * * LOW HITPOINT WARNING * * *
You feel drained. The wight hits you with a +4 scimitar!
You die...

#......##....##.#...
#...................
#......#.........###
###.####...#........ #.#
###........##
#.########....#...
#####.##.......##.#.#.
#.....##.########...##
#...z@................
#...#......###########
#...#......# #
########.#......###########
#........#......#.........#
#........####.###.....#...#
#...........#.###.........#
#........##.#.......#.∩.#.#
#........##.#####..........


You could see a wight.

Vanquished Creatures
  A wraith (Ossuary)
  A water moccasin (D:5)
  An ogre (D:3)
  A phantom (D:5)
  A bullfrog (D:6)
  A gnoll sergeant (D:6)
  Crazy Yiuf (D:3)
  4 hounds
  A jelly (D:4)
  2 gnoll boudas
  2 orc priests (D:3)
  An iguana (D:6)
  Terence (D:2)
  A mummy (Ossuary)
  10 adders
  14 gnolls
  A white imp (D:6)
  3 worms
  2 dart slugs
  8 orcs
  8 ball pythons
  4 endoplasms
  4 giant cockroaches
  5 goblins
  5 hobgoblins
  7 kobolds
  2 quokkas
  3 bats
  3 frilled lizards
  5 gnoll skeletons (Ossuary)
  A jackal zombie (D:6)
  6 kobold skeletons (Ossuary)
  14 orc skeletons (Ossuary)
  5 rats
129 creatures vanquished.

Vanquished Creatures (others)
  3 toadstools (D:4)
3 creatures vanquished.

Grand Total: 132 creatures vanquished

Notes
Turn   | Place    | Note
-------+----------+-------------------------------------------
     0 | D:1      | Orangeyouglad the Barachi Ice Elementalist began the quest
                  | for the Orb.
     0 | D:1      | Reached XP level 1. HP: 13/13 MP: 3/3
   413 | D:1      | Reached XP level 2. HP: 17/19 MP: 1/5
   468 | D:1      | Reached skill level 5 in Ice Magic
   868 | D:1      | Reached XP level 3. HP: 18/24 MP: 4/6
   875 | D:1      | Learned a level 3 spell: Frozen Ramparts
  1701 | D:2      | Found a faded altar of an unknown god.
  1739 | D:2      | Reached XP level 4. HP: 30/30 MP: 6/8
  2472 | D:2      | Noticed Terence
  2487 | D:2      | Learned a level 3 spell: Ozocubu's Armour
  2800 | D:3      | Noticed an ogre
  2811 | D:3      | Killed an ogre
  2812 | D:3      | Reached skill level 1 in Fighting
  2812 | D:3      | Reached XP level 5. HP: 38/38 MP: 0/10
  2905 | D:3      | Found a runed translucent door.
  2906 | D:3      | Noticed Crazy Yiuf
  2913 | D:3      | Killed Crazy Yiuf
  2914 | D:3      | Reached skill level 6 in Ice Magic
  3010 | D:3      | Reached XP level 6. HP: 21/45 MP: 6/11
  3247 | D:4      | Found a staircase to the Ecumenical Temple.
  3502 | D:2      | Killed Terence
  3863 | D:3      | Noticed Grinder
  4180 | Temple   | Entered the Ecumenical Temple
  4529 | D:4      | Reached XP level 7. HP: 46/52 MP: 10/13
  4843 | D:5      | Entered Level 5 of the Dungeon
  4843 | D:5      | Found an iron altar of Okawaru.
  4849 | D:5      | Found a snail-covered altar of Cheibriados.
  4925 | D:5      | Became a worshipper of Cheibriados the Contemplative
  5585 | D:5      | Reached skill level 5 in Dodging
  5752 | D:5      | Learned a level 4 spell: Hailstorm
  6160 | D:6      | Reached skill level 7 in Ice Magic
  6172 | D:6      | Reached * piety under Cheibriados
  6402 | D:5      | Reached XP level 8. HP: 51/61 MP: 7/15
  6486 | D:6      | Found a sand-covered staircase.
  6497 | Ossuary  | Entered an ossuary
  6497 | Ossuary  | Noticed a wraith
  6497 | Ossuary  | Noticed a wraith
  6497 | Ossuary  | Noticed a wraith
  6647 | Ossuary  | Reached skill level 5 in Spellcasting
  6747 | Ossuary  | Learned a level 3 spell: Gell's Gravitas
  6883 | Ossuary  | Reached ** piety under Cheibriados
  6918 | Ossuary  | Noticed a wraith
  6955 | Ossuary  | Killed a wraith
  6956 | Ossuary  | Reached skill level 1 in Translocations
  7429 | D:6      | Found Qokh's Jewellery Boutique.
  7439 | D:6      | Reached skill level 5 in Fighting
  8180 | D:6      | Mangled by a wight

Illustrated notes

Levels and vault maps discovered:
D:1:      dpeg_arrival_round_b, layout_rooms
D:2:      layout_loops_corners, hellmonk_ecumenical_altar_prayer_group,
          serial_forest, infiniplex_forest_lined_3_way,
          infiniplex_forest_zigzag_2, infiniplex_forest_straight_3,
          infiniplex_forest_clump_double, infiniplex_forest_end_3,
          minmay_pentomino_v2, uniq_terence
D:3:      layout_rooms, kennysheep_another_room, hangedman_decor_lopped,
          hangedman_decor_clover_reticule, uniq_crazy_yiuf_cottage, uniq_grinder
D:4:      layout_cave_pools, minmay_temple_entry_large_hall,
          minmay_gold_behind_fungi, grunt_ministairs_8, minivault_23,
          kennysheep_generic_room_16
D:5:      layout_basic, mainiacjoe_overflow_alcove_1,
          mainiacjoe_overflow_catwalk
D:6:      layout_basic, lemuel_tele_altar, serial_shops, nicolae_shop_stone,
          enter_ossuary_3, minmay_door_square
Temple:   nicolae_temple_bog_church

Skill      XL: |  1  2  3  4  5  6  7  8 |
---------------+-------------------------+-----
Stealth        | 2 |  2.0
Ice Magic      | 5 6 7 |  7.7
Dodging        | 3 4 5 |  5.9
Spellcasting   | 3 4 5 |  5.0
Fighting       | 1 2 3 4 5 |  5.2
Translocations | 2 |  2.0
Conjurations   | |  0.8

Action                   |  1- 3 |  4- 6 |  7- 9 || total
-------------------------+-------+-------+-------++-------
Melee: Spear             |    23 |     9 |   175 ||   207
       Quarterstaff      |       |    10 |       ||    10
       Punch             |       |       |     2 ||     2
 Cast: Freeze            |    37 |    35 |    16 ||    88
       Frozen Ramparts   |     2 |    15 |    13 ||    30
       Ozocubu's Armour  |       |     2 |    13 ||    15
       Hailstorm         |       |       |     8 ||     8
       Gell's Gravitas   |       |       |     4 ||     4
Invok: Bend Time         |       |       |     1 ||     1
 Abil: Hop               |     2 |       |     7 ||     9
Evoke: Wand              |       |       |     1 ||     1
  Use: Scroll            |       |     1 |    13 ||    14
       Potion            |       |       |     3 ||     3
 Stab: Sleeping          |     1 |     1 |       ||     2
Armor: Robe              |    11 |    10 |    49 ||    70
       Leather armour    |       |       |    23 ||    23
       Skin              |       |       |     6 ||     6
Dodge: Dodged            |    39 |    49 |   191 ||   279

Table legend: (Time is in decaauts)
 A = Elapsed time spent in this place.
 B = Non-inter-level travel time spent in this place.
 C = Inter-level travel time spent in this place.
 D = Time resting spent in this place.
 E = Time spent auto-exploring this place.
 F = Levels seen in this place.
 G = Mean time per level.
                   A        B        C        D        E       F      G
               +--------+--------+--------+--------+--------+-----+--------+
         Total |   9475 |   9133 |    342 |   1982 |   4726 |   8 | 1184.4 |
       Dungeon |   8302 |   7965 |    337 |   1479 |   4599 |   6 | 1383.7 |
        Temple |    267 |    263 |      4 |      0 |    127 |   1 |  267.0 |
       Ossuary |    906 |    906 |      0 |    503 |      0 |   1 |  906.0 |
               +--------+--------+--------+--------+--------+-----+--------+

Top non-repeatable levels by time:
     D:2: 2043 daAuts
     D:5: 1980 daAuts
     D:6: 1210 daAuts
     D:1: 1207 daAuts
     D:3: 938 daAuts
     D:4: 922 daAuts
 Ossuary: 906 daAuts
  Temple: 267 daAuts
